 Dungeon Crawl Stone Soup version 0.16-a0-3873-g452e4d5 (console) character file.

3738 Monkaria the Cleaver (level 10, 0/89 HPs)
             Began as a Hill Orc Fighter on Feb 1, 2015.
             Was a Believer of Makhleb.
             Slain by a six-headed hydra (4 damage)
             ... on level 8 of the Dungeon.
             The game lasted 00:26:15 (7968 turns).

Monkaria the Cleaver (Hill Orc Fighter)             Turns: 7968, Time: 00:26:16

Health: 0/89       AC: 13    Str: 23    XL:     10   Next: 15%
Magic:  10/10      EV:  7    Int:  8    God:    Makhleb [**....]
Gold:   483        SH:  9    Dex: 10    Spells: 0 memorised, 9 levels left

rFire  . . .     SeeInvis +     a - +1 war axe
rCold  . . .     Rnd*Rage +     b - +0 scale mail
rNeg   . . .     SustAb   .     c - +0 shield
rPois  .         Gourm    .     h - +2 helmet {SInv}
rElec  +         Spirit   .     m - +0 cloak
rCorr  .         Warding  .     (no gloves)
rMut   .         Stasis   .     (no boots)
MR     .....                    (no amulet)
Stlth  ..........               (no ring)
                                (no ring)

@: not resistant to hostile enchantments, extremely unstealthy
A: berserk 1, robust 1, electricity resistance
a: Minor Destruction, Renounce Religion


You were on level 8 of the Dungeon.
You worshipped Makhleb.
Makhleb was pleased with you.
You were hungry.

You visited 2 branches of the dungeon, and saw 9 of its levels.

You collected 483 gold pieces.

Inventory:

Hand weapons
 a - a +1 war axe (weapon)
 o - a cursed +0 blowgun
Missiles
 i - 4 needles of slowing
 t - 44 poisoned needles
Armour
 b - a +0 scale mail (worn)
 c - a +0 shield (worn)
 h - a +2 helmet of see invisible (worn)
 m - a +0 cloak (worn)
Magical staves
 z - a cursed staff of poison
Jewellery
 g - an uncursed ring of ice
Magical devices
 C - a wand of polymorph (3)
 E - a wand of lightning (0)
Scrolls
 j - 2 scrolls of teleportation
 k - 2 scrolls of identify
 l - 2 scrolls of noise
 r - a scroll of amnesia
 s - 2 scrolls of enchant weapon
 w - 2 scrolls of magic mapping
 B - a scroll of remove curse
Potions
 e - a potion of might
 f - 2 potions of restore abilities
 u - a potion of invisibility
 v - a potion of magic
Books
 D - an Akashic Record {highlevel, unknown}

   This book is beyond your current level of understanding.

   Spells                             Type                      Level
   a - Dispersal                      Translocation                6
   b - Controlled Blink               Translocation                7
   c - Malign Gateway                 Summoning/Translocation      7
   d - Disjunction                    Translocation                8
   e - Singularity                    Translocation                9
Comestibles
 d - 3 meat rations
 n - 9 bread rations
 p - 2 beef jerkies


   Skills:
 - Level 5.0 Fighting
 - Level 14.5 Axes
 - Level 9.1 Armour
 - Level 3.2 Shields
 + Level 0.0 Invocations


You had 9 spell levels left.
You didn't know any spells.

Dungeon Overview and Level Annotations

Branches:
Dungeon (8/15)             Temple (1/1) D:7
   Lair: D:8-11

Altars:
Ashenzari
Cheibriados
Dithmenos
Elyvilon
Fedhas
Gozag
Kikubaaqudgha
Makhleb
Nemelex Xobeh
Okawaru
Qazlal
Ru
Sif Muna
Trog
Vehumet
Xom
Yredelemnul
Zin
The Shining One


Innate Abilities, Weirdness & Mutations

You tend to lose your temper in combat.
You are robust (+10% HP).
You are resistant to electric shocks.


Message History

Read which item? (? for menu, Esc to quit)
As you read the scroll labeled CIX BUUWOUSK, it crumbles to dust.
The scroll dissolves into smoke.
It was a scroll of fog.
The six-headed hydra bites you but does no damage.
The six-headed hydra bites you.
* * * LOW HITPOINT WARNING * * *
You block the six-headed hydra's attack.
The six-headed hydra bites you.
* * * LOW HITPOINT WARNING * * *
You block the six-headed hydra's attack.
The six-headed hydra bites you.
* * * LOW HITPOINT WARNING * * *
Read which item? (? for menu, Esc to quit)
As you read the scroll labeled HEBECO FRETIGE, it crumbles to dust.
You feel as if something is helping you.
It was a scroll of remove curse.
The six-headed hydra bites you but does no damage.
You block the six-headed hydra's attack.
The six-headed hydra bites you.
You die...

#.# ##.#.##
#.###......
#)#........
#.#.#...###
#.#.##..###
#.#.##...><
#)#.###.###
##########.......#
#§D@§§.†.....#####
#§############ #.#
#.# #.# #.# #.# #
##.## ##
#...################.


You could see a six-headed hydra.

Vanquished Creatures
  Pikel (D:8)
  Joseph (D:7)
  A wyvern (D:8)
  Edmund (D:8)
  Menkaure (D:4)
  An orc warrior (D:7)
  An ice beast (D:6)
  A spider (D:8)
  A slave (D:8)
  A wasp (D:8)
  A sky beast (D:7)
  A phantom (D:5)
  2 centaurs
  3 scorpions
  10 killer bees (D:8)
  A jelly (D:5)
  A giant frog zombie (D:7)
  2 crimson imps
  3 hounds
  4 orc priests
  4 iguanas
  9 orc wizards
  3 giant frog skeletons
  3 worker ants
  A hound skeleton (D:6)
  A mummy (D:8)
  Robin (D:2)
  7 adders
  5 river rats (D:8)
  A shadow imp (D:6)
  2 giant mites
  3 worms
  2 adder skeletons
  2 adder zombies
  6 giant geckos
  2 oozes
  30 orcs
  2 bat skeletons
  A bat zombie (D:7)
  25 goblins
  16 hobgoblins
  10 jackals
  4 quokkas
  A ball python (D:3)
  17 bats
  9 giant cockroaches
  5 giant newts
  15 kobolds
  27 rats
  A fungus (D:8)
  A plant (D:8)
254 creatures vanquished.

Vanquished Creatures (others)
  A sky beast (D:5)
  3 slaves (D:8)
  A bat (D:8)
  A fungus (D:8)
6 creatures vanquished.

Grand Total: 260 creatures vanquished

Notes
Turn   | Place    | Note
--------------------------------------------------------------
     0 | D:1      | Monkaria, the Hill Orc Fighter, began the quest for the Orb.
     0 | D:1      | Reached XP level 1. HP: 19/19 MP: 1/1
   271 | D:1      | Reached XP level 2. HP: 27/27 MP: 2/2
   775 | D:2      | Reached skill level 4 in Fighting
   791 | D:2      | Reached XP level 3. HP: 19/33 MP: 3/3
   903 | D:2      | Noticed Robin
   934 | D:2      | Killed Robin
   934 | D:2      | Reached XP level 4. HP: 4/41 MP: 4/4
  1284 | D:2      | Reached skill level 5 in Axes
  1938 | D:3      | Reached XP level 5. HP: 43/47 MP: 5/5
  2102 | D:3      | Reached skill level 6 in Axes
  2192 | D:4      | Reached skill level 5 in Fighting
  2262 | D:4      | Noticed Menkaure
  2646 | D:4      | Killed Menkaure
  2646 | D:4      | Reached skill level 7 in Axes
  2646 | D:4      | Reached XP level 6. HP: 46/56 MP: 6/6
  2788 | D:4      | Reached skill level 8 in Axes
  2984 | D:4      | Reached skill level 9 in Axes
  2984 | D:4      | Reached XP level 7. HP: 55/61 MP: 7/7
  3010 | D:5      | Entered Level 5 of the Dungeon
  3967 | D:5      | Reached skill level 10 in Axes
  4031 | D:5      | Gained mutation: You are robust (+10% HP). [mutagenic meat]
  4356 | D:6      | Reached XP level 8. HP: 70/74 MP: 8/8
  4479 | D:6      | Reached skill level 11 in Axes
  4843 | D:6      | Reached skill level 5 in Armour
  5184 | D:7      | tab tab tab tab tab tab tab tab
  5184 | D:7      | o
  5184 | D:7      | tab tab tab
  5226 | D:7      | Found a burning altar of Makhleb.
  5238 | D:7      | Became a worshipper of Makhleb the Destroyer
  5619 | D:7      | Noticed Joseph
  5635 | D:7      | Killed Joseph
  5635 | D:7      | Reached XP level 9. HP: 55/81 MP: 9/9
  5636 | D:7      | YEAH YEAH TAKE THAT
  5673 | D:7      | Found a staircase to the Ecumenical Temple.
  5770 | D:7      | Gained mutation: You tend to lose your temper in combat. [mutagenic meat]
  5771 | D:7      | Gained mutation: You are resistant to electric shocks. [mutagenic meat]
  5798 | D:7      | Acquired Makhleb's first power
  6347 | Temple   | Entered the Ecumenical Temple
  6956 | D:8      | Reached skill level 12 in Axes
  7276 | D:8      | Noticed Edmund
  7278 | D:8      | Noticed a six-headed hydra
  7302 | D:8      | Acquired Makhleb's second power
  7312 | D:8      | Noticed Pikel
  7341 | D:8      | Killed Pikel
  7341 | D:8      | Reached skill level 13 in Axes
  7364 | D:8      | Reached XP level 10. HP: 60/89 MP: 10/10
  7396 | D:8      | Reached skill level 14 in Axes
  7695 | D:8      | Killed Edmund
  7967 | D:8      | HP: 4/89 [six-headed hydra (2)]
  7968 | D:8      | Slain by a six-headed hydra

Action                   |  1- 3 |  4- 6 |  7- 9 | 10-12 || total
-------------------------+-------+-------+-------+-------++-------
Melee: War axe           |   108 |   224 |   505 |    94 ||   931
Invok: Minor Destruction |       |       |       |     8 ||     8
Evoke: Wand              |       |       |     2 |     4 ||     6
  Use: Potion            |     4 |       |       |     7 ||    11
       Scroll            |       |       |    10 |     6 ||    16
  Eat: Chunk             |       |     8 |    14 |     1 ||    23
       Bread ration      |       |       |     1 |       ||     1
       Beef jerky        |       |       |       |     1 ||     1
